 Dungeon Crawl Stone Soup version 0.26-a0-1132-ge9770dfcb6 (webtiles) character file.

Game seed: 175926566977297552

416 Dracia the Ruffian (level 6, -16/59 HPs)
             Began as a Troll Monk on Dec 19, 2020.
             Demolished by an ogre
             ... wielding a +0 giant club
              (23 damage)
             ... on level 4 of the Dungeon.
             The game lasted 00:04:18 (2632 turns).

Dracia the Ruffian (Troll Monk)                     Turns: 2632, Time: 00:04:18

Health: -16/59     AC:  6    Str: 20    XL:     6   Next: 60%
Magic:  5/5        EV:  6    Int:  6    God:
Gold:   140        SH: 12    Dex: 14    Spells: 5/5 levels left

rFire    . . .     SeeInvis .     - Unarmed
rCold    . . .     Faith    .   k - +0 tower shield (curse)
rNeg     . . .     Spirit   .   a - +0 robe
rPois    .         Reflect  .   (helmet restricted)
rElec    .         Harm     .   (no cloak)
rCorr    +         Rampage  .   (gloves unavailable)
Will     .....                  (boots unavailable)
Stlth    +.........             f - amulet of inaccuracy (curse)
HPRegen  0.59/turn              d - ring of attention (curse)
MPRegen  0.09/turn              R - ring of resist corrosion

@: no status effects
A: large, unfitting armour, claws 3, regeneration 1, shaggy fur 1, tough skin 3
a: no special abilities


You were on level 4 of the Dungeon.
You visited 1 branch of the dungeon, and saw 4 of its levels.

You collected 140 gold pieces.


Innate Abilities, Weirdness & Mutations

You are too large for most types of armour.
You have claws for hands.
Your natural rate of healing is unusually fast.
You are covered in fur. (AC +1)
You have extremely tough skin. (AC +3)


   Skills:
 - Level 2.4 Fighting
 - Level 2.4 Dodging
 - Level 1.0 Stealth
 + Level 0.7 Shields
 * Level 7.4 Unarmed Combat


You had 5 spell levels left.
You didn't know any spells.
Your spell library was empty.

Inventory:

Armour
 a - a +0 robe (worn)
 k - a cursed +0 tower shield (worn)
Jewellery
 d - a cursed ring of attention (left claw)
 f - a cursed amulet of inaccuracy (around neck)
 Q - an uncursed ring of stealth
 R - a ring of resist corrosion (right claw)
Scrolls
 b - a scroll of blinking
 e - a scroll of teleportation {@r4@r4}
 h - a scroll of identify {unknown}
 j - a scroll of magic mapping {unknown}
 l - a scroll of fog {unknown}
Potions
 c - 2 potions of flight {unknown}
 g - 3 potions of curing {unknown}
 i - a potion of resistance {unknown}

Dungeon Overview and Level Annotations

Branches:
Dungeon (4/15)
 Temple: D:4-7

Altars:
Cheibriados
Dithmenos
Okawaru
Ru
Uskayaw
Wu Jian

#.....[...#
##........#
#.........##
#..........#
#....<.....#
#...$......#
#..........+
#.........##
#.......@O#
#.............#
##........##..#
#######..# ...
...# . ...#
.... #...!#


You could see an ogre.


Message History

You closely miss the hound skeleton. The hound skeleton bites you.
An ogre comes into view. It is wielding a +0 giant club.
The hound skeleton bites you.
The ogre shouts!
You claw the hound skeleton!
The hound skeleton is moderately damaged.
The hound skeleton bites you but does no damage.
You claw the hound skeleton!
You destroy the hound skeleton!
Found a sapphire potion.
You scratch the ogre.
The ogre is lightly wounded.
The ogre hits you with a +0 giant club!!
You closely miss the ogre.
The ogre is lightly wounded.
The ogre hits you with a +0 giant club!!
* * * LOW HITPOINT WARNING * * *
You are too injured to fight recklessly!
You are too injured to fight recklessly!
Unknown command.
You barely miss the ogre.
The ogre is lightly wounded.
The ogre hits you with a +0 giant club!
* * * LOW HITPOINT WARNING * * *
You scratch the ogre.
The ogre is lightly wounded.
You scratch the ogre but do no damage.
The ogre is lightly wounded.
The ogre hits you with a +0 giant club!!
You die...

Skill      XL: |  1  2  3  4  5  6 |
---------------+-------------------+-----
Unarmed Combat | 4 5 6 7 |  7.4
Fighting       | |  2.4
Dodging        | |  2.4
Stealth        | |  1.0
Shields        | |  0.7

Action                   |  1- 3 |  4- 6 || total
-------------------------+-------+-------++-------
Melee: Unarmed           |    71 |   211 ||   282
       Punch             |     1 |     4 ||     5
  Use: Scroll            |     3 |       ||     3
 Stab: Sleeping          |     3 |       ||     3
Armor: Robe              |    26 |    71 ||    97
Dodge: Dodged            |    46 |    67 ||   113
Block: Tower shield      |       |    27 ||    27

Levels and vault maps discovered:
D:1:      nzn_arrival_depleted_hourglass, layout_basic, hex_large,
          minmay_strange_pillars, palyth_stone_intersect, amethyst_killhole,
          chequers_jeans, cheibriados_altar_1
D:2:      wander_river, layout_basic, nrook_loot_triangle,
          minmay_misc_feat_pillars, minivault_4, uniq_jessica, uniq_sigmund
D:3:      layout_loops_cross, chequers_temple_overflow_statue_of_worship,
          chequers_ecumenical_altar_twisty, grunt_dithmenos_smoke_and_mirrors,
          uniq_robin
D:4:      layout_gridville, temple_pool_b, serial_shops,
          nicolae_shop_statue_plus

Notes
Turn   | Place    | Note
-------+----------+-------------------------------------------
     0 | D:1      | Dracia the Troll Monk began the quest for the Orb.
     0 | D:1      | Reached XP level 1. HP: 22/22 MP: 0/0
    99 | D:1      | Reached XP level 2. HP: 29/29 MP: 1/1
   414 | D:1      | Reached skill level 4 in Unarmed Combat
   418 | D:1      | Found a snail-covered altar of Cheibriados.
   760 | D:2      | Noticed Jessica
   763 | D:2      | Killed Jessica
   764 | D:2      | Reached XP level 3. HP: 20/36 MP: 2/2
   886 | D:2      | Reached skill level 5 in Unarmed Combat
   886 | D:2      | Reached XP level 4. HP: 44/44 MP: 3/3
  1238 | D:2      | HP: 2/44 [worm (6)]
  1356 | D:2      | Noticed Sigmund
  1369 | D:2      | Killed Sigmund
  1370 | D:2      | Reached skill level 6 in Unarmed Combat
  1370 | D:2      | Reached XP level 5. HP: 10/50 MP: 4/4
  1370 | D:2      | Reached XP level 6. HP: 12/59 MP: 5/5
  1798 | D:2      | Reached skill level 7 in Unarmed Combat
  1924 | D:3      | Found an ornate altar of the Wu Jian Council.
  1925 | D:3      | Found a sacrificial altar of Ru.
  1925 | D:3      | Found a hide-covered altar of Uskayaw.
  1926 | D:3      | Found an iron altar of Okawaru.
  2112 | D:3      | Found a faded altar of an unknown god.
  2337 | D:3      | Found a shadowy altar of Dithmenos.
  2435 | D:3      | Noticed Robin
  2470 | D:3      | Killed Robin
  2632 | D:4      | Demolished by an ogre

Vanquished Creatures
  Sigmund (D:2)
  Jessica (D:2)
  A hound skeleton (D:4)
  Robin (D:3)
  10 adders
  3 gnolls (D:2)
  4 worms
  7 bats
  3 giant cockroaches
  20 goblins
  11 hobgoblins
  10 kobolds
  A quokka (D:3)
  6 frilled lizards
  4 rats
83 creatures vanquished.

Table legend: (Time is in decaauts)
 A = Elapsed time spent in this place.
 B = Non-inter-level travel time spent in this place.
 C = Inter-level travel time spent in this place.
 D = Time resting spent in this place.
 E = Time spent auto-exploring this place.
 F = Levels seen in this place.
 G = Mean time per level.
                   A        B        C        D        E       F      G
               +--------+--------+--------+--------+--------+-----+--------+
         Total |   2620 |   2593 |     27 |    352 |   1714 |   4 |  655.0 |
       Dungeon |   2620 |   2593 |     27 |    352 |   1714 |   4 |  655.0 |
               +--------+--------+--------+--------+--------+-----+--------+

Top non-repeatable levels by time:
     D:2: 1044 daAuts
     D:1: 858 daAuts
     D:3: 705 daAuts
     D:4: 13 daAuts

Table legend:
 A = Non-vault XP
 B = Vault XP
 C = Vault XP percentage of total XP
 D = Non-vault monster count
 E = Vault monster count
 F = Vault count percentage of total count
                 A         B        C        D         E       F
            +---------+---------+-------+---------+---------+-------
      Total |     300 |     295 |  49.6 |      68 |      15 |  18.1
            +---------+---------+-------+---------+---------+-------
        D:1 |      44 |       0 |   0.0 |      28 |       0 |   0.0
        D:2 |     128 |     257 |  66.8 |      20 |       2 |   9.1
        D:3 |     108 |      38 |  26.0 |      19 |      13 |  40.6
        D:4 |      20 |       0 |   0.0 |       1 |       0 |   0.0
            +---------+---------+-------+---------+---------+-------
